 Dungeon Crawl Stone Soup version 0.28.0-53-g5a82cb258f (webtiles) character file.

Game seed: 8901478331737293716

180 Tirrikindir the Shield-Bearer (level 5, -2/36 HPs)
             Began as an Octopode Fighter on Aug 15, 2022.
             Slain by a gnoll
             ... wielding a +0 halberd
              (13 damage)
             ... on level 3 of the Dungeon.
             The game lasted 00:06:24 (1828 turns).

Tirrikindir the Shield-Bearer (Octopode Fighter)    Turns: 1828, Time: 00:06:24

Health: -2/36      AC:  1    Str: 15    XL:     5   Next: 60%
Magic:  5/5        EV: 14    Int: 10    God:
Gold:   46         SH:  5    Dex: 14    Spells: 4/4 levels left

rFire   . . .      SeeInvis .   a - +1 long sword
rCold   . . .      Faith    .   b - +0 buckler
rNeg    . . .      Spirit   .   (helmet restricted)
rPois   .          Reflect  .   e - amulet of regeneration
rElec   .          Harm     .   (no ring)
rCorr   .          Rampage  .   (no ring)
Will    .....                   (no ring)
Stlth   +++.......              (no ring)
HPRegen 0.92/turn               (no ring)
MPRegen 0.09/turn               (no ring)
                                (no ring)
                                (no ring)

@: no status effects
A: almost no armour, amphibious, 8 rings, camouflage 1, gelatinous body 1,
(nimble swimmer 1), tentacles
a: no special abilities


You were on level 3 of the Dungeon.
You visited 1 branch of the dungeon, and saw 3 of its levels.

You collected 59 gold pieces.
You spent 13 gold pieces at shops.

Inventory:

Hand Weapons
 a - a +1 long sword (weapon)
 k - a +3 dagger
Armour
 b - a +0 buckler (worn)
Jewellery
 e - an amulet of regeneration (around mantle)
Scrolls
 d - a scroll of magic mapping
 f - 2 scrolls of teleportation
 h - 3 scrolls of identify
 i - a scroll of amnesia {unknown}
 l - a scroll of enchant weapon
Potions
 g - a potion of haste
 j - a potion of attraction {unknown}


   Skills:
 + Level 3.5 Fighting
 * Level 3.6 Long Blades
 + Level 3.7 Dodging
 + Level 2.7 Stealth
 + Level 3.7 Shields


You had 4 spell levels left.
You didn't know any spells.
Your spell library contained the following spells:

 Spells                   Type           Power      Damage    Failure   Level
 Sting                    Tmut/Pois      0%         1d3       45%         1


Dungeon Overview and Level Annotations

Branches:
Dungeon (3/15)

Altars:

Shops:
D:1 [   D:2 *?!(   D:3 !


Innate Abilities, Weirdness & Mutations

You cannot wear most types of armour.
You are amphibious.
You can wear up to eight rings at the same time.
Your skin changes colour to match your surroundings (Stealth+).
Your rubbery body absorbs attacks. (AC +1, EV +1)
((You are camouflaged when in or above water. (Stealth+)))
You have tentacles for arms and can constrict up to eight enemies at once.


Message History

The gnoll is severely wounded.
You constrict the gnoll. You block the gnoll's attack.
You slash the gnoll! You grab the gnoll.
You squeeze the gnoll, but do no damage.
The gnoll is severely wounded.
You constrict the gnoll. x2; The gnoll hits you with a +0 club.
The gnoll barely misses you.
You hit the gnoll but do no damage.
You tentacle-slap the gnoll, but do no damage.
The gnoll is almost dead.
You constrict the gnoll.
You kill the gnoll!
You constrict the gnoll.
You kill the gnoll!
A gnoll comes into view. It is wielding a +0 spear.
The rat closely misses you.
The gnoll shouts!
You hit the rat.
You kill the rat!
The rat bites you.
You barely miss the rat. Your grab misses the rat. The rat barely misses you.
The gnoll hits you from afar with a +0 spear.
The gnoll hits you with a +0 spear.
You see here a +0 club.
You slash the gnoll! You grab the gnoll. You squeeze the gnoll.
You kill the gnoll!
The rat bites you but does no damage.
You slash the rat!
You kill the rat!
A gnoll comes into view. It is wielding a +0 halberd.
Items here: ! ) = †.
The gnoll shouts!
You hit the gnoll. Your grab misses the gnoll.
The gnoll is moderately wounded.
The gnoll hits you with a +0 halberd!
* * * LOW HITPOINT WARNING * * *
You hit the gnoll but do no damage. You grab the gnoll.
The gnoll is moderately wounded.
You constrict the gnoll. The gnoll hits you with a +0 halberd!
You die...

########
#......#
#......# ###
#...>..# ...
#......##.##
#......#...#
##.....@g#
.......)##
.####..)#
.......
#.......#
..........
.#.###...##
... ....# .#
..... ####


You could see a gnoll.

Vanquished Creatures
  5 adders
  7 gnolls (D:3)
  3 dart slugs
  3 orcs (D:3)
  4 bats
  8 endoplasms
  2 giant cockroaches (D:2)
  8 goblins
  6 hobgoblins
  3 ball pythons
  2 frilled lizards (D:1)
  5 kobolds
  6 rats
62 creatures vanquished.

Vanquished Creatures (others)
  2 fungi (D:2)
  9 plants (D:2)
11 creatures vanquished.

Grand Total: 73 creatures vanquished

Notes
Turn   | Place    | Note
-------+----------+-------------------------------------------
     0 | D:1      | Tirrikindir the Octopode Fighter began the quest for the
                  | Orb.
     0 | D:1      | Reached XP level 1. HP: 16/16 MP: 1/1
    56 | D:1      | Found Gooxuni's Antique Armour Shop.
   190 | D:1      | Reached XP level 2. HP: 21/21 MP: 2/2
   215 | D:1      | Reached skill level 1 in Stealth
   408 | D:1      | Reached XP level 3. HP: 17/26 MP: 3/3
   607 | D:2      | Found Tusig's Weapon Emporium.
   835 | D:2      | Found Xihu's Assorted Antiques.
   851 | D:2      | Found Eretozyfae's Magic Scroll Shop.
   971 | D:2      | Reached XP level 4. HP: 31/31 MP: 4/4
  1400 | D:2      | Found Ticw's Distillery.
  1407 | D:2      | Bought a potion of degeneration for 13 gold pieces
  1416 | D:2      | Found a faded altar of an unknown god.
  1424 | D:2      | Got Plato's Reference Book on Transmigration
  1599 | D:3      | Found Dueffaokki's Distillery.
  1675 | D:3      | Reached XP level 5. HP: 9/36 MP: 5/5
  1828 | D:3      | Slain by a gnoll

Illustrated notes

Levels and vault maps discovered:
D:1:      ncdulo_smallfort, layout_basic, serial_shops, shop, interstate_on_off
D:2:      minmay_skewed_foursquare, layout_loops_ring,
          shapermc_ecumenical_altar_rom_forum, serial_shops,
          nicolae_shop_crystal, nicolae_shop_behind_doors, shop_statue,
          nicolae_shop_overgrown_old_shop
D:3:      layout_loops_cross, serial_shops,
          nicolae_shop_temple_entry_statues_fountains, uniq_robin

Skill      XL: |  1  2  3  4 |
---------------+-------------+-----
Stealth        | 1 2 |  2.7
Long Blades    | 3 |  3.6
Fighting       | |  3.5
Dodging        | |  3.7
Shields        | |  3.7

Action                   |  1- 3 |  4- 6 || total
-------------------------+-------+-------++-------
Melee: Long sword        |    65 |    47 ||   112
       Tentacles         |    15 |    12 ||    27
       Constrict         |    20 |    22 ||    42
       Punch             |     1 |     1 ||     2
  Use: Scroll            |     3 |     1 ||     4
       Potion            |       |     1 ||     1
 Stab: Sleeping          |     6 |     4 ||    10
Armor: Skin              |     3 |     1 ||     4
Dodge: Dodged            |    32 |    19 ||    51
Block: Buckler           |    13 |     9 ||    22
